Map: [ESL] Hecate

Players

NiCe - Winner!

  • Race: Protoss Protoss
  • League: Master
  • Spawn Location: 7:00

cyan

  • Race: Protoss Protoss
  • League: Master
  • Spawn Location: 1:00

VOD

Have the link to the VOD?

Description

Time

  • Played on: Dec. 28, 2023, 11:28 a.m.
  • Length: 10:29
Show
View Real Time Build Order
Export as new Build Order

NiCe Protoss - Winner!

Build Orders: 1 Gate Expand, Proxy Void Ray 

Get SALT Encoding   

  12  0:00  Probe  
  13  0:12  Probe  
  14  0:19  Pylon  
  14  0:24  Probe  
  15  0:37  Probe (Chrono Boost)  
  15  0:38  Gateway  
  16  0:47  Assimilator  
  16  0:48  Probe (Chrono Boost)  
  17  0:52  Probe (Chrono Boost)  
  18  1:03  Probe  
  19  1:15  Probe  
  20  1:23  Nexus  
  20  1:33  Cybernetics Core  
  20  1:40  Assimilator, Probe  
  21  1:47  Pylon  
  21  1:52  Probe  
  22  2:05  Probe  
  23  2:15  Stargate  
  23  2:18  Probe  
  23  2:21  Shield Battery  
  23  2:22  Stalker (Chrono Boost)  
  26  2:32  Probe  
  26  2:33  Warp Gate  
  27  2:37  Probe  
  28  2:53  Forge  
  28  3:03  Void Ray (Chrono Boost)  
  32  3:07  Shield Battery  
  32  3:14  Shield Battery  
  32  3:33  Void Ray (Chrono Boost)  
  36  3:42  Photon Cannon  
  36  3:45  Photon Cannon  
  36  4:02  Void Ray  
  40  4:05  Photon Cannon  
  40  4:10  Pylon  
  38  4:24  Stargate  
  38  4:25  Zealot  
  38  4:30  Shield Battery  
  38  4:58  Shield Battery  
  34  5:02  Shield Battery  
  34  5:04  Shield Battery  
  34  5:08  Stalker  
  34  5:10  Void Ray (Chrono Boost)  
  38  5:14  Shield Battery  
  38  5:23  Photon Cannon  
  38  5:36  Photon Cannon  
  38  5:48  Void Ray (Chrono Boost)  
  42  5:57  Gateway  
  42  6:06  Photon Cannon  
  42  6:12  Photon Cannon  
  42  6:27  Photon Cannon  
  42  6:28  Void Ray (Chrono Boost)  
  46  6:36  Photon Cannon  
  46  6:54  Cybernetics Core  
  46  7:07  Void Ray (Chrono Boost)  
  49  7:20  Pylon  
  45  7:39  Void Ray (Chrono Boost)  
  45  7:44  Pylon  
  45  7:45  Sentry  
  45  7:47  Robotics Facility  
  47  8:05  Photon Cannon  
  47  8:08  Sentry  
  49  8:28  Pylon  
  49  8:30  Pylon  
  49  8:34  Immortal (Chrono Boost)  
  53  8:46  Pylon  
  53  8:49  Sentry  
  51  9:03  Shield Battery  
  51  9:04  Shield Battery  
  51  9:17  Immortal (Chrono Boost)  
  53  9:26  Sentry  
  53  9:39  Shield Battery  
  53  9:41  Shield Battery  
  48  10:00  Sentry  
Show
View Real Time Build Order
Export as new Build Order

cyan Protoss 

Build Orders:  

Get SALT Encoding   

  12  0:00  Probe  
  13  0:12  Probe  
  14  0:17  Pylon  
  14  0:24  Probe (Chrono Boost)  
  15  0:36  Probe (Chrono Boost)  
  15  0:37  Gateway  
  16  0:44  Probe (Chrono Boost)  
  17  0:51  Probe  
  17  0:54  Assimilator  
  17  0:56  Assimilator  
  18  1:03  Probe (Chrono Boost)  
  19  1:07  Gateway  
  19  1:15  Probe (Chrono Boost)  
  20  1:21  Probe (Chrono Boost)  
  21  1:26  Cybernetics Core  
  21  1:29  Probe  
  22  1:35  Pylon  
  22  1:41  Probe, Pylon  
  23  2:04  Stalker, Robotics Facility  
  23  2:07  Stalker  
  27  2:14  Warp Gate (Chrono Boost)  
  27  2:22  Gateway  
  27  2:34  Stalker, Pylon  
  29  2:38  Stalker  
  31  2:53  Immortal (Chrono Boost)  
  35  3:05  Shield Battery  
  35  3:11  Stalker  
  37  3:44  Pylon  
  37  3:55  Stalker  
  37  4:02  Immortal  
  43  4:03  Stalker, Pylon  
  43  4:05  Stalker  
  47  4:22  Stalker  
  49  4:27  Stalker  
  49  4:30  Stalker  
  53  4:36  Pylon  
  51  4:51  Stalker  
  53  4:54  Stalker  
  55  5:03  Stalker  
  55  5:18  Stalker x2  
  59  5:33  Stalker  
  55  5:44  Stalker x2  
  55  5:49  Pylon  
  57  6:04  Stalker  
  57  6:11  Stalker x2  
  59  6:28  Stalker  
  59  6:40  Stalker x2  
  63  6:52  Stalker  
  61  6:57  Stalker  
  63  7:03  Stalker  
  61  7:18  Stalker x2  
  61  7:37  Stalker  
  61  7:42  Stalker  
  65  7:45  Stalker  
  61  8:00  Stalker  
  59  8:06  Stalker  
  59  8:10  Stalker  
  59  8:21  Stalker  
  61  8:33  Stalker  
  61  8:41  Stalker  
  63  8:55  Stalker  
  63  9:00  Stalker  
  63  9:06  Stalker  
  61  9:16  Stalker  
  59  9:36  Stalker  
  57  9:49  Stalker  
  57  9:51  Sentry  
  57  10:01  Stalker  
Tags
 
Matchup
PvP
Player
CyanNice
Replay Pack
December 2023
Spawn Locations
Cross Positions
Add a new tag
Caveats
  • Supply blocks, unpowered buildings, or Contaminate may cause inaccurate times.
  • Supply counts are checked every 10 seconds.